 Dungeon Crawl Stone Soup version 0.28.0-45-g0d030f2227 (webtiles) character file.

Game seed: 16809153856242744157

373 Zeld the Digger (level 6, -7/35 HPs)
             Began as a Gargoyle Earth Elementalist on Apr 11, 2022.
             Killed from afar by Dowan (14 damage)
             ... with a stone arrow
             ... on level 4 of the Dungeon.
             The game lasted 00:07:35 (3666 turns).

Zeld the Digger (Gargoyle Earth Elementalist)       Turns: 3666, Time: 00:07:37

Health: -7/35      AC:  9    Str: 11    XL:     6   Next: 71%
Magic:  0/11       EV: 12    Int: 18    God:
Gold:   74         SH:  0    Dex: 10    Spells: 2/12 levels left

rFire   . . .      SeeInvis .   b - staff of earth
rCold   . . .      Faith    .   (no shield)
rNeg    + . .      Spirit   .   h - +0 robe
rPois   ∞          Reflect  .   g - +0 helmet
rElec   +          Harm     .   l - +1 cloak
rCorr   .          Rampage  .   (no gloves)
Will    .....                   (no boots)
Stlth   ++........              (no amulet)
HPRegen 0.11/turn               i - ring of wizardry
MPRegen 0.12/turn               (no ring)

@: no status effects
A: sickness immunity, AC +4, negative energy resistance 1, electricity
resistance, torment resistance 1, petrification resistance
a: no special abilities


You were on level 4 of the Dungeon.
You visited 1 branch of the dungeon, and saw 4 of its levels.

You collected 158 gold pieces.
You spent 84 gold pieces at shops.

Inventory:

Missiles
 c - 83 stones
Armour
 g - a +0 helmet (worn)
 h - a +0 robe (worn)
 l - a +1 cloak (worn)
Magical Staves
 b - a staff of earth (weapon)
Jewellery
 a - a ring of protection from fire
 i - a ring of wizardry (left hand)
Wands
 m - a wand of iceblast (7)
Scrolls
 d - 2 scrolls of identify
 k - a scroll of teleportation
 o - a scroll of amnesia
Potions
 e - a potion of curing {unknown}
 f - 2 potions of brilliance {unknown}
 j - 2 potions of flight {unknown}
 n - a potion of heal wounds {unknown}


   Skills:
 + Level 2.0 Fighting
 - Level 2.0 Dodging
 + Level 3.4 Stealth
 * Level 3.6 Spellcasting
 + Level 1.6 Conjurations
 + Level 1.9 Transmutations
 * Level 5.3 Earth Magic


You had 2 spell levels left.
You knew the following spells:

 Your Spells              Type           Power      Damage    Failure   Level
a - Sandblast             Erth           66%        2d15      1%          1
b - Passwall              Tmut/Erth      20%        N/A       2%          2
c - Stone Arrow           Conj/Erth      46%        3d9       4%          3
d - Petrify               Tmut/Erth      24%        N/A       14%         4

Your spell library contained the following spells:

 Spells                   Type           Power      Damage    Failure   Level


Dungeon Overview and Level Annotations

Branches:
Dungeon (4/15)
 Temple: D:4-7

Altars:

Shops:
D:1 (   D:2 [??

Annotations:
D:4 Dowan


Innate Abilities, Weirdness & Mutations

You are immune to sickness and miasma.
Your stone body is resilient. (AC +4)
You are immune to poison.
You resist negative energy. (rN+)
You are resistant to electric shocks. (rElec)
You are resistant to unholy torment.
You are immune to petrification.


Message History

Confirm with . or Enter, or press ? or * to list all spells.
Aiming: Stone Arrow (dangerous; 5% risk of failure)
Press: ? - help, Shift-Dir - straight line, f/p - Duvessa
Aim: Duvessa, wielding a +0 rapier and wearing a +0 ring mail (severely wounded, 79% to hit)
You feel a surge of power!
The stone arrow misses Duvessa.
Duvessa closely misses you.
Unknown command.
Casting: Stone Arrow (dangerous; 5% risk of failure)
Confirm with . or Enter, or press ? or * to list all spells.
You don't have enough magic to cast this spell.
Unknown command.
Unknown command.
Casting: Stone Arrow (dangerous; 5% risk of failure)
Confirm with . or Enter, or press ? or * to list all spells.
Aiming: Sandblast (safe; 1% risk of failure)
Press: ? - help, Shift-Dir - straight line, f/p - Duvessa
Aim: Duvessa, wielding a +0 rapier and wearing a +0 ring mail (severely wounded, 87% to hit)
You feel a surge of power!
The blast of sand hits Duvessa but does no damage.
Duvessa is severely wounded.
c - 84 stones Duvessa hits you with a +0 rapier!
Casting: Sandblast (safe; 1% risk of failure)
Confirm with . or Enter, or press ? or * to list all spells.
Aiming: Sandblast (safe; 1% risk of failure)
Press: ? - help, Shift-Dir - straight line, f/p - Duvessa
Aim: Duvessa, wielding a +0 rapier and wearing a +0 ring mail (severely wounded, 87% to hit)
You feel a surge of power!
The blast of sand hits Duvessa!!
You kill Duvessa!
Dowan's eyes darken. "You have made a black mistake."
Dowan seems to find hidden reserves of power!
c - 83 stones Your Fighting skill increases to level 2!
Dowan points at you and mumbles some strange words.
The shard of ice hits you!!
Ouch! That really hurt!
* * * LOW HITPOINT WARNING * * *
Dowan casts a spell at you. The stone arrow hits you!
You die...

...........!...
................
...............#.
...........8.....
#...............
.#.........g.....
..#...........#
.......).@..# .
.........)######.#..
...........#.#.#.#..
....................
...........e........
............##.........
..#..............#.....
. .
#..............#.... ..
..#...###.......#...
§..


You could see Dowan (fast) and a goblin.

Vanquished Creatures
  Duvessa (D:4)
  A jelly (D:3)
  Crazy Yiuf (D:3)
  2 orc wizards (D:2)
  3 gnolls (D:3)
  6 adders
  2 worms (D:3)
  2 dart slugs (D:2)
  4 orcs
  5 bats
  4 endoplasms
  A giant cockroach (D:3)
  4 goblins
  4 hobgoblins
  2 jackals (D:3)
  6 kobolds
  5 quokkas
  2 ball pythons (D:2)
  4 frilled lizards
  6 rats
65 creatures vanquished.

Notes
Turn   | Place    | Note
-------+----------+-------------------------------------------
     0 | D:1      | Zeld the Gargoyle Earth Elementalist began the quest for
                  | the Orb.
     0 | D:1      | Reached XP level 1. HP: 10/10 MP: 3/3
   338 | D:1      | Found Wiatorowy's Antique Weapon Shop.
   345 | D:1      | Reached XP level 2. HP: 15/15 MP: 3/5
   437 | D:1      | Found a faded altar of an unknown god.
   462 | D:1      | Learned a level 2 spell: Passwall
   988 | D:1      | Reached skill level 4 in Earth Magic
  1077 | D:2      | Reached skill level 1 in Transmutations
  1077 | D:2      | Reached XP level 3. HP: 20/20 MP: 4/6
  1141 | D:2      | Found Otawnu's Magic Scroll Shop.
  1145 | D:2      | Bought a scroll of identify for 28 gold pieces
  1163 | D:2      | Found Berr's Antique Armour Emporium.
  1330 | D:2      | Found Tuobluul's Magic Scroll Shoppe.
  1416 | D:2      | Reached skill level 1 in Fighting
  1416 | D:2      | Reached XP level 4. HP: 25/25 MP: 1/8
  1491 | D:2      | Learned a level 3 spell: Stone Arrow
  1535 | D:2      | Found Miafefeh's Weapon Shop.
  1976 | D:2      | Reached XP level 5. HP: 29/29 MP: 6/9
  1986 | D:2      | Learned a level 4 spell: Petrify
  2435 | D:2      | Bought a scroll of identify for 28 gold pieces
  2435 | D:2      | Bought a scroll of identify for 28 gold pieces
  2638 | D:3      | Identified the +6 arbalest of Neurosis {venom, rElec MP+9
                  | Stlth-}
  2704 | D:3      | Reached skill level 1 in Conjurations
  3084 | D:3      | Reached skill level 5 in Earth Magic
  3084 | D:3      | Reached XP level 6. HP: 35/35 MP: 8/10
  3383 | D:3      | Found a runed translucent door.
  3384 | D:3      | Noticed Crazy Yiuf
  3563 | D:3      | Killed Crazy Yiuf
  3642 | D:4      | Noticed Dowan
  3644 | D:4      | Noticed Duvessa
  3665 | D:4      | Killed Duvessa
  3666 | D:4      | Killed from afar by Dowan

Illustrated notes

Levels and vault maps discovered:
D:1:      dpeg_arrival_boxes_within_box, layout_loops_ring,
          shapermc_ecumenical_altar_mp_ritualfount, serial_shops,
          nicolae_shop_crystal
D:2:      layout_basic, serial_shops, shop, nicolae_shop_waterfront,
          nicolae_shop_bloodbath_and_beyond, shop, minmay_heptomino_d4
D:3:      layout_basic, uniq_crazy_yiuf_cottage
D:4:      layout_cave_pools, nicolae_overflow_hidden_temple,
          serial_column_ruins, column_ruins_open_tiny, column_ruins_open_small,
          column_ruins_open_tiny, column_ruins_open_medium,
          column_ruins_open_medium, uniq_natasha, uniq_robin, uniq_duvessa,
          uniq_edmund

Skill      XL: |  1  2  3  4  5  6 |
---------------+-------------------+-----
Earth Magic    | 4 5 |  5.3
Transmutations | 1 |  1.9
Fighting       | 1 2 |  2.0
Dodging        | 2 |  2.0
Spellcasting   | 3 |  3.6
Stealth        | 3 |  3.4
Conjurations   | 1 |  1.6

Action                   |  1- 3 |  4- 6 || total
-------------------------+-------+-------++-------
Melee: Unarmed           |     1 |       ||     1
 Cast: Sandblast         |    36 |    54 ||    90
       Stone Arrow       |       |     3 ||     3
  Use: Scroll            |       |     4 ||     4
Armor: Robe              |    10 |     1 ||    11
Dodge: Dodged            |    14 |    11 ||    25
